 Dungeon Crawl Stone Soup version 0.23-a0-378-gd7a6ca6 (console) character file.

170 bli the Cudgeler (level 5, 0/32 HPs)
             Began as a Gargoyle Fighter on Oct 27, 2018.
             Killed from afar by an orc wizard (6 damage)
             ... with a magic dart
             ... on level 3 of the Dungeon.
             The game lasted 00:07:23 (1848 turns).

bli the Cudgeler (Gargoyle Fighter)                 Turns: 1848, Time: 00:07:23

Health: 0/32       AC: 14    Str: 25    XL:     5   Next: 50%
Magic:  5/5        EV:  8    Int: 14    God:
Gold:   64         SH:  9    Dex:  9    Spells: 4/4 levels left

rFire    . . .     SeeInvis .   a - +0 flail
rCold    + . .     Gourm    .   c - +0 shield
rNeg     + . .     Faith    .   r - +0 ring mail
rPois    ∞         Spirit   .   (no helmet)
rElec    +         Reflect  .   l - +0 cloak
rCorr    .         Harm     .   k - +2 pair of gloves
MR       .....                  (no boots)
Stlth    ..........             (no amulet)
HPRegen  0.10/turn              u - +5 ring of intelligence
MPRegen  0.09/turn              s - ring of protection from cold (curse)

@: mighty
A: negative energy resistance 1, electricity resistance, unbreathing,
petrification resistance, rot immunity, AC +4
a: no special abilities


You were on level 3 of the Dungeon.
You were hungry.

You visited 1 branch of the dungeon, and saw 3 of its levels.

You collected 64 gold pieces.

Inventory:

Hand Weapons
 a - a +0 flail (weapon)
Missiles
 h - 51 stones (quivered)
Armour
 b - a +0 scale mail
 c - a +0 shield (worn)
 k - a +2 pair of gloves (worn)
 l - a +0 cloak (worn)
 r - a +0 ring mail (worn)
Jewellery
 e - an uncursed ring of ice
 s - a cursed ring of protection from cold (right hand)
 u - a +5 ring of intelligence (left hand)
Scrolls
 i - 5 scrolls of teleportation {unknown}
 n - 2 scrolls of fog {unknown}
 p - a scroll of identify {unknown}
 q - 2 scrolls of remove curse {unknown}
 t - a scroll of amnesia {unknown}
Potions
 j - a potion of cancellation {unknown}
 m - 4 potions of curing
 o - a potion of lignification {unknown}
 v - 2 potions of invisibility {unknown}
 w - 2 potions of agility {unknown}
Comestibles
 f - 9 rations
 g - 7 chunks of flesh


   Skills:
 + Level 3.5 Fighting
 * Level 5.2 Maces & Flails
 + Level 3.5 Armour
 - Level 3.2 Shields


You had 4 spell levels left.
You didn't know any spells.
Your spell library was empty.

Dungeon Overview and Level Annotations

Branches:
Dungeon (3/15)

Altars:
Ashenzari


Innate Abilities, Weirdness & Mutations

You are resistant to torment.
Your stone body is resilient. (AC +4)
You are immune to poison.
You resist negative energy. (rN+)
You are resistant to electric shocks. (rElec)
You can survive without breathing.
You are immune to petrification.
You are immune to rotting.


Message History

You miss something.
You hear some strange, mumbled words.
A puff of frost appears from out of thin air!
The puff of frost hits you!
You hear some strange, mumbled words.
A magic dart appears from out of thin air!
The magic dart hits you!
* * * LOW HITPOINT WARNING * * *
You hit something but do no damage. You miss something.
Something hits you but does no damage.
You aren't carrying any items that you can evoke.
You feel very mighty all of a sudden. Something hits you but does no damage.
You barely miss something. You block something's attack.
You closely miss something. Something hits you but does no damage.
You closely miss something.
You hear some strange, mumbled words.
A magic dart appears from out of thin air!
The magic dart hits you!
You die...

.........#.......#
#.#.# #
##########.....#.#
#.#.# # #.....#.#
.#+#### # #....<#.#
....... #
.......#.## .......
#
###....#..###.......
# ..................
# #....##..##.......
# #.........[.......
#
#########)##.......
#
)......@{o.........
#
##########.#.......
# ......^.. #
#........ # ..######
#.# ..


You could see an orc.

Vanquished Creatures
  A bullfrog skeleton (D:3)
  Jessica (D:2)
  4 adders
  3 worms
  A dart slug (D:1)
  4 leopard geckos
  7 orcs (D:3)
  5 bats
  2 giant cockroaches
  5 goblins
  3 hobgoblins
  3 jackals (D:1)
  A quokka (D:3)
  2 ball pythons
  2 frilled lizards
  5 kobolds
  12 rats
61 creatures vanquished.

Notes
Turn   | Place    | Note
-------+----------+-------------------------------------------
     0 | D:1      | bli the Gargoyle Fighter began the quest for the Orb.
     0 | D:1      | Reached XP level 1. HP: 14/14 MP: 1/1
   169 | D:1      | Reached XP level 2. HP: 12/19 MP: 2/2
   177 | D:1      | Reached skill level 3 in Maces & Flails
   567 | D:1      | Reached XP level 3. HP: 23/23 MP: 3/3
   982 | D:2      | Found a shattered altar of Ashenzari.
   982 | D:2      | Noticed Jessica
  1004 | D:2      | Killed Jessica
  1004 | D:2      | Reached skill level 4 in Maces & Flails
  1004 | D:2      | Reached XP level 4. HP: 20/28 MP: 4/4
  1588 | D:3      | Reached XP level 5. HP: 32/32 MP: 5/5
  1751 | D:3      | Reached skill level 5 in Maces & Flails
  1848 | D:3      | Killed from afar by an orc wizard

Vault maps used:
D:1:      scummos_arrival_forest
D:2:      first_ration, evilmike_ruin_ashenzari, uniq_jessica
D:3:      nicolae_ru_path_of_blood, cheibrodos_gnoll_hut

Skill      XL: |  1  2  3  4  5 |
---------------+----------------+-----
Maces & Flails | 3 4 5 |  5.2
Fighting       | |  3.5
Armour         | |  3.5
Shields        | |  3.2

Action                   |  1- 3 |  4- 6 || total
-------------------------+-------+-------++-------
Melee: Flail             |   124 |   170 ||   294
Throw: Stone             |     1 |     6 ||     7
  Use: Potion            |       |     1 ||     1
  Eat: Chunk             |       |     3 ||     3
Armor: Scale mail        |    70 |    10 ||    80
       Ring mail         |       |    99 ||    99
Dodge: Dodged            |    32 |    37 ||    69
Block: Shield            |    61 |    64 ||   125

Table legend:
 A = Non-vault XP
 B = Vault XP
 C = Vault XP percentage of total XP
 D = Non-vault monster count
 E = Vault monster count
 F = Vault count percentage of total count
                 A         B        C        D         E       F
            +---------+---------+-------+---------+---------+-------
      Total |     206 |      37 |  15.2 |      60 |       1 |   1.6
            +---------+---------+-------+---------+---------+-------
        D:1 |      37 |       0 |   0.0 |      21 |       0 |   0.0
        D:2 |      72 |      37 |  33.9 |      22 |       1 |   4.3
        D:3 |      97 |       0 |   0.0 |      17 |       0 |   0.0
            +---------+---------+-------+---------+---------+-------
